 Dungeon Crawl Stone Soup version 0.29.1-2-gbd0b4ee654 (webtiles) character file.

Game seed: 3193093128157473479

79 xian the Trooper (level 4, 0/49 HPs)
             Began as an Ogre Berserker on Nov 2, 2022.
             Was a Believer of Trog.
             Slain by an orc
             ... wielding a +0 hand axe
              (4 damage)
             ... on level 3 of the Dungeon.
             The game lasted 00:03:27 (1790 turns).

xian the Trooper (Ogre Berserker)                   Turns: 1790, Time: 00:03:27

Health: 0/49       AC:  3    Str: 23    XL:     4   Next: 38%
Magic:  4/4        EV: 10    Int:  8    God:    Trog [**....]
Gold:   75         SH:  0    Dex:  8    Spells: 3/3 levels left

rFire   . . .      SeeInvis .   e - +3 hand axe
rCold   . . .      Faith    .   (no shield)
rNeg    . . .      Spirit   .   b - +0 animal skin
rPois   .          Reflect  .   (helmet restricted)
rElec   .          Harm     .   (no cloak)
rCorr   .          Rampage  .   (gloves unavailable)
Will    .....                   (boots unavailable)
Stlth   +.........              (no amulet)
HPRegen 0.16/turn               (no ring)
MPRegen 0.09/turn               (no ring)

@: no status effects
A: large, unfitting armour, tough skin 1
a: Renounce Religion, Berserk, Trog's Hand


You were on level 3 of the Dungeon.
You worshipped Trog.
Trog was pleased with you.
You visited 1 branch of the dungeon, and saw 3 of its levels.

You collected 75 gold pieces.

Inventory:

Hand Weapons
 e - a +3 hand axe (weapon)
Missiles
 i - 2 stones (quivered)
Armour
 b - a +0 animal skin (worn)
Scrolls
 a - a scroll of noise {unknown}
 d - a scroll of teleportation {unknown}
 f - 2 scrolls of enchant weapon {unknown}
 g - a scroll of brand weapon {unknown}
 j - a scroll of amnesia {unknown}
 k - 2 scrolls of identify {unknown}
 m - a scroll of poison {unknown}
Potions
 c - 3 potions of curing {unknown}
 h - a potion of degeneration {unknown}
 l - 2 potions of brilliance {unknown}


   Skills:
 + Level 4.7 Fighting
 + Level 4.1 Axes
 + Level 3.2 Dodging
 + Level 0.1 Stealth


You had 3 spell levels left.
You didn't know any spells.
Your spell library contained the following spells:

 Spells                   Type           Power      Damage    Failure   Level
 Ensorcelled Hibernation  Hex/Ice        0%         N/A       54%         2
 Passwall                 Tmut/Erth      0%         N/A       54%         2
 Swiftness                Air            0%         N/A       78%         3


Dungeon Overview and Level Annotations

Branches:
Dungeon (3/15)

Altars:
Nemelex Xobeh


Innate Abilities, Weirdness & Mutations

You are too large for most types of armour.
You have tough skin. (AC +1)


Message History

Press < or > to pray at altars.
You closely miss the orc wizard.
The orc wizard is almost dead.
You hit the orc. x2
The orc wizard hits you with a +0 dagger.
The orc hits you with a +0 hand axe.
* * * LOW HITPOINT WARNING * * *
The orc closely misses you.
You barely miss the orc wizard.
The orc wizard is almost dead.
You hit the orc but do no damage. x2; You hit the orc.
The orc wizard casts a spell at you. The magic dart hits you.
* * * LOW HITPOINT WARNING * * *
The orc closely misses you. The orc hits you with a +0 hand axe.
* * * LOW HITPOINT WARNING * * *
The orc hits you with a +0 hand axe.
* * * LOW HITPOINT WARNING * * *
Unknown command.
Press < or > to pray at altars.
You completely miss the orc.
The orc is severely wounded.
You hit the orc.
You kill the orc!
Trog accepts your kill.
You hit the orc wizard.
You kill the orc wizard!
Trog accepts your kill.
Trog appreciates your killing of a magic user.
You barely miss the orc. The orc closely misses you.
The orc hits you with a +0 hand axe.
* * * LOW HITPOINT WARNING * * *
Your Axes skill increases to level 4!
You have reached level 4!
You hit the orc.
The orc is almost dead.
You closely miss the orc. The orc hits you with a +0 hand axe.
* * * LOW HITPOINT WARNING * * *
The orc hits you with a +0 hand axe.
You die...

.........########
.................
..####..#########
.............#
..######..##.#
######'##.#
#....))...##..
#.............
#....o@..#####
#....))o.#
#........#
#........#
#........#
#........#
#........#
....####.# .....
..


You could see 2 orcs.

Vanquished Creatures
  An orc wizard (D:3)
  A dart slug (D:1)
  3 orcs (D:3)
  6 ball pythons
  5 endoplasms
  2 giant cockroaches
  5 goblins
  5 hobgoblins
  2 quokkas (D:1)
  6 bats
  2 frilled lizards (D:2)
  5 kobolds
  3 rats
46 creatures vanquished.

Vanquished Creatures (others)
  2 fungi (D:1)
2 creatures vanquished.

Grand Total: 48 creatures vanquished

Notes
Turn   | Place    | Note
-------+----------+-------------------------------------------
     0 | D:1      | xian the Ogre Berserker began the quest for the Orb.
     0 | D:1      | Reached XP level 1. HP: 24/24 MP: 1/1
    38 | D:1      | Found a faded altar of an unknown god.
   110 | D:1      | Reached XP level 2. HP: 32/32 MP: 2/2
   536 | D:1      | Reached XP level 3. HP: 32/39 MP: 3/3
  1760 | D:3      | Found a sparkling altar of Nemelex Xobeh.
  1765 | D:3      | Reached ** piety under Trog
  1790 | D:3      | Reached XP level 4. HP: 8/49 MP: 4/4
  1790 | D:3      | Slain by an orc

Illustrated notes

Levels and vault maps discovered:
D:1:      psy_arrival_terrarium, layout_rooms, dreamdust_ecumenical_altar_grove
D:2:      layout_basic
D:3:      layout_basic, okawaru_ov_weapons_minmay, overflow_temple_1_default

Skill      XL: |  1  2  3 |
---------------+----------+-----
Dodging        | 3 |  3.2
Axes           | 4 |  4.1
Fighting       | |  4.7
Stealth        | |  0.1

Action                   |  1- 3 |  4- 6 || total
-------------------------+-------+-------++-------
Melee: Hand axe          |   113 |     1 ||   114
       Punch             |     2 |       ||     2
Throw: Stone             |     9 |       ||     9
Invok: Berserk           |     1 |       ||     1
Armor: Animal skin       |    39 |       ||    39
Dodge: Dodged            |    74 |       ||    74
